 Dungeon Crawl Stone Soup version 0.26.0-10-g1f06aea511 (webtiles) character file.

Game seed: 3634377825077765432

12063 Amaterasu the Cleaver (level 11, -8/86 HPs)
             Began as a Demonspawn Fighter on Jan 25, 2021.
             Was a Priest of Makhleb.
             Mangled by a skeletal warrior
             ... wielding a +2 war axe of distortion
             ... led by a skeletal warrior
              (18 damage)
             ... on level 11 of the Dungeon.
             The game lasted 00:20:32 (10190 turns).

Amaterasu the Cleaver (Demonspawn Fighter)         Turns: 10190, Time: 00:20:32

Health: -8/86      AC: 13    Str: 20    XL:     11   Next: 57%
Magic:  13/13      EV:  6    Int:  9    God:    Makhleb [***...]
Gold:   939        SH: 14    Dex: 17    Spells: 10/10 levels left

rFire    + . .     SeeInvis .   a - +1 war axe (venom)
rCold    . . .     Faith    .   c - +0 kite shield
rNeg     . . .     Spirit   .   x - +0 plate armour
rPois    .         Reflect  +   (helmet restricted)
rElec    .         Harm     .   (no cloak)
rCorr    +         Rampage  .   (no gloves)
Will     +....                  (no boots)
Stlth    ..........             e - amulet of reflection
HPRegen  0.24/turn              w - ring of willpower
MPRegen  0.13/turn              B - ring of resist corrosion

@: mighty
A: horns 2, thin skeletal structure 2, blink, fire resistance 1, spiny 3
a: Blink, Renounce Religion, Minor Destruction, Lesser Servant of Makhleb


You were on level 11 of the Dungeon.
You worshipped Makhleb.
Makhleb was most pleased with you.
You visited 2 branches of the dungeon, and saw 12 of its levels.
You also visited: Bailey.

You collected 939 gold pieces.

Inventory:

Hand Weapons
 a - a +1 war axe of venom (weapon)
 q - a +0 broad axe
Armour
 c - a +0 kite shield (worn)
 x - a +0 plate armour (worn)
Jewellery
 e - an amulet of reflection (around neck)
 w - a ring of willpower (left hand)
 B - a ring of resist corrosion (right hand)
Wands
 l - a wand of enslavement (6)
 t - a wand of digging (7)
 A - a wand of polymorph (9)
 D - a wand of paralysis (3)
 E - a wand of flame (14)
 F - a wand of iceblast (10)
 G - a wand of random effects (9)
Scrolls
 b - 2 scrolls of remove curse
 g - 4 scrolls of identify
 i - 11 scrolls of teleportation
 j - 4 scrolls of enchant weapon
 k - a scroll of random uselessness
 n - a scroll of enchant armour
 u - 2 scrolls of immolation
 v - a scroll of magic mapping
 y - a scroll of amnesia
Potions
 f - 4 potions of attraction
 h - 3 potions of flight
 m - a potion of mutation
 o - a potion of curing
 p - 3 potions of magic
 r - 2 potions of ambrosia
 z - a potion of resistance
 C - a potion of cancellation


   Skills:
 * Level 8.1 Fighting
 - Level 12.0 Axes
 * Level 6.9 Armour
 * Level 4.8 Dodging
 - Level 2.6 Shields
 * Level 3.3 Invocations
 * Level 5.7 Evocations


You had 10 spell levels left.
You didn't know any spells.
Your spell library contained the following spells:

 Spells                   Type           Power        Failure   Level
 Animate Skeleton         Necr           0%           100%        1
 Apportation              Tloc           0%           100%        1
 Corona                   Hex            0%           100%        1
 Freeze                   Ice            0%           100%        1
 Shock                    Conj/Air       0%           100%        1
 Summon Small Mammal      Summ           0%           100%        1
 Swiftness                Air            0%           100%        2
 Frozen Ramparts          Ice            0%           100%        3
 Ozocubu's Armour         Ice            0%           100%        3
 Static Discharge         Conj/Air       0%           100%        3
 Airstrike                Air            0%           100%        4
 Hailstorm                Conj/Ice       0%           100%        4
 Summon Ice Beast         Ice/Summ       0%           100%        4
 Lightning Bolt           Conj/Air       0%           100%        5


Dungeon Overview and Level Annotations

Branches:
Dungeon (11/15)            Temple (1/1) D:7            Lair (0/6) D:10
 Bailey (visited)
    Orc: D:9-12

Altars:
Ashenzari
Cheibriados
Dithmenos
Elyvilon
Fedhas
Gozag
Hepliaklqana
Kikubaaqudgha
Makhleb
Nemelex Xobeh
Okawaru
Qazlal
Ru
Sif Muna
Trog
Uskayaw
Vehumet
Wu Jian
Xom
Yredelemnul
Zin
The Shining One

Shops:
D:7 [   D:10 }

Annotations:
D:8 2 transporters, Dirian's ghost, novice MiFi


Innate Abilities, Weirdness & Mutations

You have a pair of horns on your head.
You have a moderately thin skeletal structure. (Dex +4, Stealth+)
Your flesh is heat resistant. (rF+)
You are completely covered in sharp spines.
You can translocate small distances at will.


Message History

The skeletal warrior hits you with a +0 battleaxe!
* * * LOW HITPOINT WARNING * * *
You slice the skeletal warrior!!
You destroy the skeletal warrior!
Makhleb accepts your kill.
You feel better.
Your Fighting skill increases to level 8!
You hit the skeletal warrior but do no damage.
You headbutt the skeletal warrior.
The skeletal warrior is lightly damaged.
The skeletal warrior hits you but does no damage.
Space warps horribly around you!
* * * LOW HITPOINT WARNING * * *
You hit the skeletal warrior.
The skeletal warrior is lightly damaged.
You closely miss the skeletal warrior.
You headbutt the skeletal warrior, but do no damage.
The skeletal warrior is lightly damaged.
The skeletal warrior hits you with a +2 war axe of distortion!!
You die...

#...# #...(..........# ###...#
#..............#
......#######..............#
................†#####.....####
.................# #........#
.................# #....)...#
......####'#####.# #........#
......#........#.# #........#
......#........#@# #........#
......##.)))...#z# #........#
.......#.......#.# #........#
.......#.......'.# #..<######
...... #.......#.# #...#
#.......#.#####...#
#.......#.........#
#.......#.######..#
.#######'#.# #...


You could see a skeletal warrior.

Vanquished Creatures
  2 two-headed ogres (D:8)
  2 skeletal warriors (D:11)
  An unseen horror (D:10)
  An orc knight (Bailey)
  Pikel (D:7)
  A manticore (D:8)
  A troll (D:10)
  Sigmund (D:2)
  4 yaks
  A wyvern (D:10)
  Grum (D:8)
  3 phantoms (D:5)
  3 ice beasts
  9 orc warriors
  2 black bears
  2 ogres
  2 sky beasts (D:6)
  6 wolves
  6 centaurs
  A lemure (D:7)
  Blork the orc (D:4)
  2 bullfrogs
  A wyvern skeleton (D:9)
  A scorpion (D:7)
  A water moccasin skeleton (D:7)
  11 killer bees (D:9)
  12 wights
  An electric eel (D:10)
  3 howler monkeys
  7 jellies
  A quasit (D:10)
  2 bullfrog zombies (D:10)
  10 orc priests
  2 bullfrog skeletons
  3 centaur skeletons
  7 hounds
  5 iguanas
  18 orc wizards
  12 worker ants
  2 worker ant zombies
  3 gnolls (D:9)
  14 adders
  3 shadow imps
  3 white imps
  3 ufetubi
  An adder zombie (D:8)
  3 leopard geckos
  48 orcs
  6 giant cockroaches
  4 goblins
  12 hobgoblins
  14 jackals
  6 quokkas
  4 ball pythons
  3 bats
  3 frilled lizards
  20 kobolds
  2 leopard gecko skeletons
  2 quokka skeletons
  6 rats
312 creatures vanquished.

Vanquished Creatures (others)
  12 plants
12 creatures vanquished.

Grand Total: 324 creatures vanquished

Notes
Turn   | Place    | Note
-------+----------+-------------------------------------------
     0 | D:1      | Amaterasu the Demonspawn Fighter began the quest for the
                  | Orb.
     0 | D:1      | Reached XP level 1. HP: 18/18 MP: 1/1
    78 | D:1      | Reached skill level 2 in Axes
   174 | D:1      | Gained mutation: You have a pair of small horns on your
                  | head. [demonic ancestry]
   174 | D:1      | Reached XP level 2. HP: 24/24 MP: 2/2
   529 | D:2      | Reached skill level 3 in Axes
   529 | D:2      | Gained mutation: You are partially covered in sharp spines.
                  | [demonic ancestry]
   529 | D:2      | Reached XP level 3. HP: 24/29 MP: 3/3
  1287 | D:2      | Reached skill level 4 in Axes
  1287 | D:2      | Gained mutation: You have a somewhat thin skeletal
                  | structure. (Dex +2, Stealth) [demonic ancestry]
  1287 | D:2      | Reached XP level 4. HP: 35/35 MP: 4/4
  1344 | D:2      | Found a sacrificial altar of Ru.
  1544 | D:2      | Noticed Sigmund
  1554 | D:2      | Killed Sigmund
  1555 | D:2      | Reached skill level 5 in Axes
  1555 | D:2      | Reached skill level 1 in Dodging
  1555 | D:2      | Gained mutation: You have a moderately thin skeletal
                  | structure. (Dex +4, Stealth+) [demonic ancestry]
  1555 | D:2      | Reached XP level 5. HP: 31/41 MP: 5/5
  1555 | D:2      | Gained mutation: You are mostly covered in sharp spines.
                  | [demonic ancestry]
  1555 | D:2      | Reached XP level 6. HP: 36/47 MP: 6/6
  1893 | D:3      | Found an ancient bone altar of Kikubaaqudgha.
  1992 | D:3      | Found an ornate altar of the Wu Jian Council.
  2355 | D:3      | Gained mutation: Your flesh is heat resistant. (rF+)
                  | [potion of mutation]
  2355 | D:3      | Gained mutation: You can translocate small distances at
                  | will. [potion of mutation]
  2783 | D:4      | Gained mutation: You have a pair of horns on your head.
                  | [demonic ancestry]
  2783 | D:4      | Reached XP level 7. HP: 54/54 MP: 7/7
  3189 | D:4      | Noticed Blork the orc
  3197 | D:4      | Killed Blork the orc
  3198 | D:4      | Reached skill level 6 in Axes
  3376 | D:5      | Entered Level 5 of the Dungeon
  3591 | D:5      | Reached skill level 5 in Fighting
  3591 | D:5      | Gained mutation: You are completely covered in sharp
                  | spines. [demonic ancestry]
  3591 | D:5      | Reached XP level 8. HP: 55/62 MP: 8/8
  3646 | D:5      | Reached skill level 7 in Axes
  4141 | D:5      | Reached skill level 8 in Axes
  4195 | D:5      | Found a shadowy altar of Dithmenos.
  4357 | D:6      | Reached skill level 1 in Evocations
  4820 | D:6      | Found a shimmering blue altar of Sif Muna.
  5064 | D:6      | Reached XP level 9. HP: 68/69 MP: 9/9
  5387 | D:7      | Noticed Pikel
  5399 | D:7      | Killed Pikel
  5400 | D:7      | Reached skill level 5 in Armour
  5711 | D:7      | Found Acerghe's Antique Armour Boutique.
  5742 | D:7      | Found a glowing silver altar of Zin.
  5887 | D:7      | Found a staircase to the Ecumenical Temple.
  5963 | Temple   | Entered the Ecumenical Temple
  6265 | D:8      | Found a burning altar of Makhleb.
  6275 | D:8      | Became a worshipper of Makhleb the Destroyer
  6361 | D:8      | Found a transporter.
  6378 | D:8      | Noticed a deep elf mage
  6378 | D:8      | Noticed Dirian's ghost (novice MiFi)
  6390 | D:8      | Found a transporter.
  6485 | D:8      | Found a flagged portal.
  6544 | D:8      | Found a glowing silver altar of Zin.
  6569 | Bailey   | Entered a bailey
  6574 | Bailey   | Noticed an orc warlord
  6720 | Bailey   | Noticed an orc knight
  6736 | Bailey   | Killed an orc knight
  6737 | Bailey   | Reached skill level 9 in Axes
  6737 | Bailey   | Reached XP level 10. HP: 79/79 MP: 10/10
  6764 | Bailey   | Found a runed translucent gate.
  6767 | Bailey   | Found a runed translucent gate.
  6770 | Bailey   | Found a runed translucent gate.
  6823 | Bailey   | Reached * piety under Makhleb
  6954 | D:8      | Noticed a two-headed ogre
  6965 | D:8      | Noticed Grum
  6968 | D:8      | Killed a two-headed ogre
  6970 | D:8      | Reached skill level 10 in Axes
  6975 | D:8      | Killed Grum
  7285 | D:8      | Noticed a manticore
  7292 | D:8      | Killed a manticore
  7293 | D:8      | Reached skill level 5 in Evocations
  7385 | D:8      | Noticed a two-headed ogre
  7422 | D:8      | Killed a two-headed ogre
  7423 | D:8      | Reached skill level 11 in Axes
  7907 | D:8      | Found a shimmering blue altar of Sif Muna.
  8093 | D:9      | Reached ** piety under Makhleb
  8110 | D:9      | Found a basalt altar of Yredelemnul.
  8223 | D:9      | Found a shadowy altar of Dithmenos.
  8240 | D:9      | Found a white marble altar of Elyvilon.
  8285 | D:9      | Mutation became permanent: Your flesh is heat resistant.
                  | (rF+) [demonic ancestry]
  8285 | D:9      | Gained mutation: Your flesh is heat resistant. (rF+)
                  | [demonic ancestry]
  8285 | D:9      | Reached XP level 11. HP: 82/84 MP: 11/11
  8439 | D:9      | Found a glowing golden altar of the Shining One.
  8461 | D:9      | Reached skill level 12 in Axes
  8747 | D:9      | Reached skill level 1 in Invocations
  8781 | D:10     | Entered Level 10 of the Dungeon
  8805 | D:10     | Reached *** piety under Makhleb
  8816 | D:10     | Found a staircase to the Lair.
  9373 | D:10     | Found Werazyeb's Gadget Boutique.
  9812 | D:10     | Killed an unseen horror
 10153 | D:11     | Noticed a skeletal warrior
 10153 | D:11     | Noticed a skeletal warrior
 10156 | D:11     | Noticed a skeletal warrior
 10182 | D:11     | Killed a skeletal warrior
 10187 | D:11     | Killed a skeletal warrior
 10190 | D:11     | Mangled by a skeletal warrior

Illustrated notes

Levels and vault maps discovered:
D:1:      zelgadis_glass_arrival_small, layout_rooms
D:2:      layout_loops_corners, nicolae_ru_great_annihilating_truth,
          amethyst_killhole, uniq_sigmund
D:3:      layout_loops_cross, marbit_many_paths, old_standard_altar
D:4:      layout_basic, uniq_blork_the_orc
D:5:      minmay_polygon_palace, layout_basic, grunt_dithmenos_shadows
D:6:      layout_basic, old_standard_altar, chequers_serial_rivers_micro_a,
          chequers_serial_rivers_room_a, minmay_a_box_with_orc_wizards_in_it
D:7:      layout_rooms, lemuel_round_altar, minmay_temple_entry_overgrown,
          serial_shops, kennysheep_little_box, nicolae_underground_beach,
          uniq_pikel
D:8:      nzn_winding_woodlands_small [nzn_winding_woodlands_5x15_garden,
          nzn_winding_woodlands_center_lodge,
          nzn_winding_woodlands_5x15_pathside_ponds], layout_cave_pools,
          bloody_makhleb, nzn_ghost_randoct, enter_bailey_8,
          hangedman_feature_mirror, uniq_grum
D:9:      layout_cave_pools, nicolae_overflow_crystal_walls,
          nicolae_tso_carved_into_rock, elyvilon_altar_1, basic_altar
D:10:     layout_cave_pods, erik_lair_island, serial_shops,
          nicolae_shop_behind_doors
D:11:     layout_irregular_city, uniq_psyche
Temple:   nicolae_temple_figure_eight

Skill      XL: |  1  2  3  4  5  6  7  8  9 10 11 |
---------------+----------------------------------+-----
Axes           | 2 3 4 5 6 8 9 11 12 | 12.0
Armour         | 3 4 6 |  6.9
Dodging        | 1 2 3 4 |  4.8
Fighting       | 4 5 6 7 8 |  8.1
Evocations     | 2 4 5 |  5.7
Invocations    | 3 |  3.3
Shields        | |  2.6

Action                   |  1- 3 |  4- 6 |  7- 9 | 10-12 || total
-------------------------+-------+-------+-------+-------++-------
Melee: War axe           |    96 |    72 |   227 |   261 ||   656
       Headbutt          |    10 |    12 |    53 |    69 ||   144
Evoke: Wand              |       |       |     4 |     1 ||     5
  Use: Scroll            |     3 |     8 |    14 |     2 ||    27
       Potion            |       |     4 |       |     5 ||     9
 Stab: Invisible         |       |     1 |       |       ||     1
       Sleeping          |       |     5 |     4 |       ||     9
       Paralysed         |       |       |     3 |       ||     3
       Distracted        |       |       |       |     1 ||     1
Armor: Scale mail        |    37 |    19 |    21 |       ||    77
       Plate armour      |       |       |    71 |    95 ||   166
       Skin              |       |       |       |     1 ||     1
Dodge: Dodged            |    26 |    19 |    42 |    45 ||   132
Block: Kite shield       |    43 |    44 |   210 |   239 ||   536
       Reflection        |       |       |    40 |    28 ||    68
